Cogmind - Beta 17 *** ADVENTURER MODE // 2026.06.30 @ 09:54:37 Player: ginkogruen Result: Destroyed by NY-FAC(R) with Subdweller Machine Gun Performance ------------- Evolutions (0) 0 Regions Visited (2) 400 Robots Destroyed (18) 90 Value Destroyed (584) 584 Prototype IDs (0) 0 Alien Tech Used (0) 0 Bonus (0) 0 TOTAL SCORE: 1074 Bonus ------- None Cogmind --------- Core Integrity 0/250 Matter 295/300 Energy 113/250 System Corruption 2% Temperature Cool (0) Movement Walking (190) Ox1 Location -10/Subcaves Parts ------- > --- POWER (1) -------- Ion Engine > --- PROPULSION (2) --- Carbon-fiber Leg > --- UTILITY (2) ------ Large Storage Unit Signal Interpreter > --- WEAPON (2) ------- Subdweller Machine Gun > --- INVENTORY (15) --- Light Angular Momentum Engine Light Treads Aluminum Leg Carbon-fiber Leg Small Storage Unit Visual Processing Unit Subdweller Optics Signal Interpreter Seismic Detector Seismic Detector Targeting Computer Scrap Shield Peak State ------------ > --- POWER ------------ Ion Engine > --- PROPULSION ------- Carbon-fiber Leg Myomer Leg > --- UTILITY ---------- Large Storage Unit Signal Interpreter > --- WEAPON ----------- Beamcaster Dirty Datajack > --- INVENTORY -------- Light Angular Momentum Engine Light Treads Aluminum Leg Carbon-fiber Leg Small Storage Unit Visual Processing Unit Subdweller Optics Signal Interpreter Seismic Detector Seismic Detector Targeting Computer Scrap Shield [Rating: 26] Favorites ----------- Power Ion Engine Engine Ion Engine Power Core Light Nuclear Core Propulsion Aluminum Leg Leg Aluminum Leg Utility Large Storage Unit Storage Large Storage Unit Processor Signal Interpreter Weapon Assault Rifle Energy Gun Small Laser Ballistic Gun Assault Rifle Special Melee Weapon Dirty Datajack Build | -11 -10 -10 ------- Run | Yrd Mat Sub Slots Evolved . | . . . Power . | . . . Propulsion . | . . . Utility . | . . . Weapon . | . . . Parts Attached 19 | 3 8 8 Power 3 | . 2 1 Engine 2 | . 1 1 Core 1 | . 1 . Reactor . | . . . Propulsion 6 | 2 1 3 Treads . | . . . Leg 6 | 2 1 3 Wheel . | . . . Hover . | . . . Flight . | . . . Utility 3 | 1 2 . Device . | . . . Storage 2 | 1 1 . Processor 1 | . 1 . Hackware . | . . . Protection . | . . . Artifact . | . . . Weapon 7 | . 3 4 Energy Gun 3 | . 1 2 Energy Cannon . | . . . Ballistic Gun 3 | . 2 1 Ballistic Cannon . | . . . Launcher . | . . . Special Weapon . | . . . Impact Weapon . | . . . Slashing Weapon . | . . . Piercing Weapon . | . . . Special Melee Weapon 1 | . . 1 Unidentified Prototypes . | . . . Parts Lost 8 | . 1 7 Power 1 | . . 1 Propulsion 3 | . 1 2 Utility . | . . . Weapon 4 | . . 4 Highest Loss Streak 4 | . 1 4 To Critical Strikes 1 | . . 1 Average Backups 12 | 5 11 13 Power 2 | 1 2 1 Propulsion 4 | 1 4 3 Utility 4 | . 3 7 Weapon . | 2 . . Tool/Special . | . . . Unused Backups 15 | . . 15 Power 2 | . . 2 Propulsion 6 | . . 6 Utility 7 | . . 7 Weapon . | . . . Tool/Special . | . . . Average Slot Usage (%) 96 | . 98 91 Engine 12 | . 13 6 Leg 27 | . 28 26 Storage 19 | . 21 14 Processor 8 | . 6 14 Energy Gun 10 | . 6 23 Ballistic Gun 16 | . 20 2 Peak Build Rating 26 | 3 10 26 Average Rating 9 | 2 7 17 On Entrance 4 | . 3 10 Avg Prop Armor Cover (%) . | . . . Naked Turns . | . . . Heaviest Build 34 | 5 34 34 Greatest Support 40 | 20 20 40 Greatest Overweight (x) 2 | 1 1 2 Average Overweight (x) . | . . . Largest Inventory Capacity 15 | 8 15 15 Average Capacity 14 | 7 14 15 Most Carried 15 | 7 15 15 Average Carried 12 | 5 11 14 Final Capacity 15 | 8 15 15 Final Carried 15 | 7 15 13 Class Distribution -------------------- 100% | Mutant Dominant Class ---------------- Mutant | -10/Materials Mutant | -10/Subcaves Resources | -11 -10 -10 ----------- Run | Yrd Mat Sub Matter Collected 603 | 213 307 83 Remotely . | . . . Salvage Created 671 | . 423 248 Parts 48 | . 30 18 Haulers Intercepted . | . . . Recyclers Shooed . | . . . Parts Field Recycled . | . . . Retrieved Matter . | . . . Parts Self-Destructed . | . . . Prevented . | . . . Parts Restored . | . . . Kills | -11 -10 -10 ------- Run | Yrd Mat Sub Combat Hostiles Destroyed 17 | . 11 6 Melee 1 | . . 1 Guns 16 | . 11 5 Classes Destroyed 4 | . 3 1 Watcher 1 | . 1 . Swarmer 3 | . 3 . Grunt 8 | . 8 . Subdweller 6 | . . 6 Best Kill Streak 4 | . 4 4 Combat Bots Only 4 | . 3 4 Max Kills in Single Turn 1 | . 1 1 Gunslinging . | . . . Exploded . | . . . Melee 1 | . . 1 Uniques/NPCs Destroyed . | . . . Combat | -11 -10 -10 -------- Run | Yrd Mat Sub Hostile Shots Fired 153 | . 61 92 Missed 51 | . 20 31 Hits 102 | . 41 61 Projectile 102 | . 41 61 Critical Strikes 2 | . 1 1 Damage Taken 1370 | . 369 1001 Core 259 | . 78 181 Absorbed by Shields . | . . . Ignored by Resistances 401 | . 116 285 Regen/Repaired (Parts) 38 | . 38 . Core Remaining (%) 100 | 100 . . Volleys Fired 62 | . 36 26 Largest 2 | . 2 2 Hottest 115 | . 60 115 Shots Fired 107 | . 67 40 Gun 107 | . 67 40 Cannon . | . . . Launcher . | . . . Special . | . . . Kinetic 66 | . 63 3 Thermal 41 | . 4 37 Explosive . | . . . Electromagnetic . | . . . Robot Hit Streak 32 | . 18 32 Robot Miss Streak 1 | . 1 1 Penetration Max . | . . . Secondary Targets . | . . . Shots Hit Robots 115 | . 57 58 Core Hits 40 | . 22 18 Critical Kills 1 | . 1 . Critical Parts Destroyed 1 | . 1 . Critical Strikes 4 | . 2 2 Burn 2 | . . 2 Destroy 2 | . 2 . Melee Attacks 20 | . . 20 Impact . | . . . Slashing . | . . . Piercing 20 | . . 20 Sneak Attacks . | . . . Combat Hostiles . | . . . Follow-up Attacks . | . . . Damage Inflicted 1363 | . 729 634 Guns 1318 | . 728 590 Cannons . | . . . Explosions . | . . . Melee 44 | . . 44 Ramming 1 | . 1 . Kinetic 722 | . 683 39 Thermal 596 | . 45 551 Explosive . | . . . Electromagnetic . | . . . Impact . | . . . Slashing . | . . . Piercing 44 | . . 44 Highest Corruption 2 | . 2 2 Average Corruption 1 | . 1 2 Corruption Purged . | . . . Corruption Blocked . | . . . Effects 21 | . 15 6 Message Errors 7 | . 6 1 Matter Fused 5 | . 4 1 Heat Flow Errors 3 | . 2 1 Energy Discharges 2 | . 1 1 Parts Rejected 1 | . 1 . Data Loss (major) 1 | . 1 . Alerts 2 | . . 2 Overload Shots . | . . . Overflow Damage . | . . . Projectiles . | . . . Explosions . | . . . Melee . | . . . Knockbacks . | . . . Impact . | . . . Kinetic . | . . . Secondary . | . . . Self-Inflicted Damage . | . . . Shots . | . . . Rammed . | . . . Targets Rammed 1 | . 1 . Kicked 1 | . 1 . Crushed . | . . . Highest Temperature 189 | . 189 73 Average Temperature 49 | . 51 27 Received Heat Transfer 342 | . 252 90 Siege Activations . | . . . Martial Activations . | . . . Shielding Activations . | . . . Robots Disrupted . | . . . Combat Hostiles . | . . . Robots Corrupted . | . . . Combat Hostiles . | . . . Parts Fried . | . . . Impact Corruptions . | . . . Robots Melted . | . . . Combat Hostiles . | . . . Parts Melted 1 | . . 1 Heat Transferred 1302 | . 100 1202 Parts Sabotaged . | . . . Parts Stolen . | . . . Parts Stripped . | . . . Power Chain Reactions . | . . . Alert | -11 -10 -10 ------- Run | Yrd Mat Sub Maximum Alert Level . | . . . Low Security (%) 100 | 100 100 . Level 1 . | . . . Level 2 . | . . . Level 3 . | . . . Level 4 . | . . . Level 5 . | . . . High Security . | . . . Max Security . | . . . Peak Influence 78 | . 78 . Initial . | . . . Average 9 | . 9 . Influence Increases 293 | . 293 . Destroy 0b10 Robot/C 220 | . 220 . Destroy 0b10 Robot/NC 5 | . 5 . Destroy Leader 52 | . 52 . Destroy Structure 1 | . 1 . Partial Spotted 15 | . 15 . Influence Decreases 293 | . 293 . Time Decay 293 | . 293 . Squads Dispatched 2 | . 2 . Investigation 2 | . 2 . Extermination . | . . . Reinforcement . | . . . Assault . | . . . Garrison . | . . . Intercept . | . . . Searches Triggered . | . . . Construction Impeded . | . . . Haulers Reinforced . | . . . Active Scanning Responses . | . . . Cargo Convoy Interrupts . | . . . Stealth | -11 -10 -10 --------- Run | Yrd Mat Sub Distress Signals 1 | . 1 . Communications Jammed . | . . . Distress Signals . | . . . Times Spotted 32 | . 20 12 Peak Tracking Total 6 | . 4 6 Tactical Retreats . | . . . Traps | -11 -10 -10 ------- Run | Yrd Mat Sub Traps Triggered 3 | . 3 . Indirectly . | . . . Trap Hack Attempts . | . . . Triggered . | . . . Disarmed . | . . . Reprogrammed . | . . . Reused . | . . . Traps Extracted . | . . . Installed . | . . . Triggered . | . . . Machines | -11 -10 -10 ---------- Run | Yrd Mat Sub Machines Disabled . | . . . Max in Single Turn . | . . . Machines Repaired . | . . . Machines Dismantled . | . . . Machines Sabotaged . | . . . Overloaded Fab Kills . | . . . Hacking | -11 -10 -10 --------- Run | Yrd Mat Sub Machines Accessed 3 | . 3 . Terminals 1 | . 1 . Fabricators . | . . . Repair Stations 1 | . 1 . Recycling Units 1 | . 1 . Scanalyzers . | . . . Garrison Access . | . . . Total Hacks 8 | . 8 . Successful 4 | . 4 . Failed 4 | . 4 . Catastrophic 1 | . 1 . Database Lockouts . | . . . Manual 2 | . 2 . Terminals 3 | . 3 . Fabricators . | . . . Repair Stations 3 | . 3 . Recycling Units 2 | . 2 . Scanalyzers . | . . . Garrison Access . | . . . Terminal Hacks 1 | . 1 . Record 1 | . 1 . Fabricator Hacks . | . . . Repair Station Hacks 2 | . 2 . Scan Component 1 | . 1 . Repair 1 | . 1 . Recycling Unit Hacks 1 | . 1 . Report Inventory 1 | . 1 . Scanalyzer . | . . . Garrison Access Hacks . | . . . Unauthorized Hacks . | . . . Terminals . | . . . Fabricators . | . . . Repair Stations . | . . . Recycling Units . | . . . Scanalyzers . | . . . Garrison Access . | . . . Data Cores Recovered . | . . . Used . | . . . Hacking Detections 3 | . 3 . Full Trace Events 1 | . 1 . Feedback Events 1 | . 1 . Corruption 1 | . 1 . Feedback Blocked . | . . . Robot Schematics Acquired . | . . . Robots Built . | . . . Authchips . | . . . Time . | . . . Total Robot Build Rating . | . . . Part Schematics Acquired . | . . . Parts Built . | . . . Authchips . | . . . Time . | . . . Total Part Build Rating . | . . . Part Studies Acquired . | . . . Parts Repaired 1 | . 1 . Time 26 | . 26 . Parts Recycled . | . . . Recycled Matter . | . . . Retrieved Matter . | . . . Retrieved Components . | . . . Parts Scanalyzed . | . . . Part Schematics Acquired . | . . . Parts Damaged . | . . . Bothacking | -11 -10 -10 ------------ Run | Yrd Mat Sub Used RIF Installer . | . . . Robots Hacked . | . . . Non-combat . | . . . Combat . | . . . Robot Hacks Applied . | . . . Relay Couplers Released . | . . . Fabnet Peak Effective % . | . . . Robots Rewired . | . . . Allies Hacked . | . . . Hacks Repelled . | . . . Allies | -11 -10 -10 -------- Run | Yrd Mat Sub Total Allies . | . . . Largest Group . | . . . Highest-Rated Group . | . . . Highest-Rated Ally . | . . . Total Orders . | . . . Ally Attacks . | . . . Total Damage . | . . . Kills . | . . . Allies Corrupted . | . . . Allies Melted . | . . . Intel | -11 -10 -10 ------- Run | Yrd Mat Sub Active Infowar (turns) . | . . . Robot Analysis Total . | . . . Derelict Logs Recovered . | . . . Drone Launches . | . . . Drone Recoveries . | . . . Exploration | -11 -10 -10 ------------- Run | Yrd Mat Sub Turns Passed 2304 | 58 1766 480 Spaces Moved 1178 | 46 847 285 Core 17 | 17 . . Treads . | . . . Legs 1161 | 29 847 285 Wheels . | . . . Hover . | . . . Flight . | . . . Fastest Speed 50 | 50 120 120 Average Speed 170 | 99 186 132 Slowest Speed 260 | 120 190 260 Overloaded Moves . | . . . Propulsion Burnouts . | . . . Robots Hopped . | . . . Potential Cave-ins . | . . . Cave-ins Triggered . | . . . Exploration Rate (%) 37 | 3 98 11 Regions Visited 2 Branch Regions 1 Pre-discovered Areas . | . . . Known Exits Taken 1 | . 1 . Unknown Exits Taken 1 | 1 . . Scrap Searched . | . . . Spaces Dug . | . . . Terrain Destroyed . | . . . Melee . | . . . Projectile . | . . . AOE . | . . . Terrain Rammed . | . . . Walls Destroyed . | . . . Machines Disabled . | . . . Actions | -11 -10 -10 --------- Run | Yrd Mat Sub Total 1384 | 58 964 362 Wait 62 | . 56 6 Move 1176 | 45 846 285 Hop . | . . . Pick Up 35 | 10 15 10 Fast Attach . | . . . Attach 16 | 3 7 6 Detach . | . . . Swap 5 | . 3 2 Drop 7 | . . 7 Fire 62 | . 36 26 Melee 20 | . . 20 Ram . | . . . Kick 1 | . 1 . Crush . | . . . Escape Stasis . | . . . Rewire . | . . . Trap . | . . . Miscellaneous . | . . . Route ------- -11/Scrapyard -10/Materials (discovered 6 exits: *Mat x3 / *Min x2 / *Sub) -10/Subcaves History --------- Turn | Location | Event 8 | -11/Scrapyard | Discovered new exit (range 15) 59 | -11/Scrapyard | Entered Materials 202 | -10/Materials | Discovered new exit (range 14) 310 | -10/Materials | Build established: Mutant 439 | -10/Materials | Discovered new exit (range 16) 602 | -10/Materials | Repaired Assault Rifle 997 | -10/Materials | Discovered new exit (range 8) 1036 | -10/Materials | Identified exit to Materials 1186 | -10/Materials | Discovered new exit (range 7) 1196 | -10/Materials | Identified exit to Mines 1656 | -10/Materials | Discovered new exit (range 13) 1709 | -10/Materials | Discovered exit to Materials (range 7) 1815 | -10/Materials | Identified exit to Subcaves 1825 | -10/Materials | Entered Subcaves 1885 | -10/Subcaves | Ambushed by swarm of Subdwellers 1926 | -10/Subcaves | Core integrity fell below 50% 1943 | -10/Subcaves | Lost 3 allies 1944 | -10/Subcaves | Lost 4 parts (1p1n2w) 2245 | -10/Subcaves | A Subdweller sparked back to life 2245 | -10/Subcaves | A Subdweller sparked back to life 2268 | -10/Subcaves | Core integrity fell below 20% 2305 | -10/Subcaves | Destroyed by NY-FAC(R) with Subdweller Machine Gun Last Messages --------------- 02295_ Splicing 15-MXL(R)... 02295_ 15-MXL(R) system unaffected. 02295_ Splicing 15-MXL(R)... 02295_ 15-MXL(R) system unaffected. 02296_ Splicing 15-MXL(R)... 02296_ 15-MXL(R) system unaffected. 02296_ Splicing 15-MXL(R)... 02296_ 15-MXL(R) system unaffected. 02297_ Splicing 15-MXL(R)... 02297_ 15-MXL(R) system unaffected. 02297_ Splicing 15-MXL(R)... 02297_ 15-MXL(R) system unaffected. 02298_ Dirty Datajack expended. 02298_ Splicing 15-MXL(R)... 02298_ 15-MXL(R) system unaffected. 02301_ Acquired Sub. Machine Gun. 02301_ Critical hit (Destroy). 02301_ Myomer Leg destroyed. 02303_ Beamcaster destroyed. 02304_ 15-MXL(R) affixes Scrap Shield Fragment to Scrap Shield. Map ----- +----------------------------------------------------+ | ?????????????????????????????????????????????? | | ?????????????????????????????????????????????? | | ?????????????????????????????????????????????? | | ?????????????????????????????????????????????? | | ?????????????????????????????????????????????? | | ?????????????????????????????????????????????? | | ?????????????????????????????????????????????? | | ?????????????????????????????????????????????? | | ?????????????????????????????????????????????? | | ?????????????????????????????????????????????? | | ?????????????????????????????????????????????? | | ???????????????????????#?????????????????????? | | ?????????????????????? #?????????????????????? | | ?????????????????????? #?????????????????????? | | ?????????????????????? ##????????????????????? | | ?????????????????##? #????????????????????? | | ?????????????????#"""" ##???????????????????? | | ?????????????????" """ #???????????????????? | | ?????????????????? """ #???????????????????? | | ??????????????????# #???????????????????? | | ??????????????????# "????????????????????? | | ??????????????????# "" "?????????????????????? | | ???????????????????#" #??????????????????????? | | ??????????????????## #??????????????????????? | | ????????????????###*# #??????????????????????? | | ????????????????#=%%R@#??????????????????????? | | ???????????????##[R#"#"#?????????????????????? | | ???????????????# =######?????????????????????? | | ???????????????## #?????????????????????????? | | ???????????????# ##?????????????????????????? | | ??????????????### #?????????????????????????? | | ??????????????# #####?????????????????????? | | ????????????#"## #???#####?????????????? | | ???????????## "" ##???# ##????????????? | | ???????????#"& " #???## ##???????????? | | ???????????# ##### #???????????? | | ???????????# #???????????? | | ???????????# " #???????????? | | ???????????###### ##???????????? | | ????????????????# ###????????????? | | ????????????????# ## ## #??????????????? | | ????????????????#### ##?##??????????????? | | ?????????????????## #??????????????????? | | ???????????????### ## #??????????????????? | | ???????????????# #### #???????????####???? | | ??????????????## #### #?###??????## ##??? | | ??????????????# ### #????### #?## | | ??????????????## #????# ### | | ???????????????# ##??## | | ???????????????## ## ##?# | +----------------------------------------------------+ Best States ------------- Heat Dissipation 25 Energy Generation 14 Energy Capacity 250 Matter Stores 300 Matter Capacity 300 Sight Range 16 Terrain Scan Density 10 Resistance: KI 20 Resistance: TH 20 Resistance: EX 20 Resistance: EM 20 Resistance: I 20 Resistance: S 20 Resistance: P 20 Evasion (%) 55 Offensive Hacking 10 Item Schematics ----------------- None Robot Schematics ------------------ None Fabricated ------------ Nothing Repaired ---------- Assault Rifle | 62% | -10/Materials Studied --------- None Alien Tech Used ----------------- None Achievements -------------- None Challenges ------------ None Game ------ Seed MetafieldPhasingStabilizer Manual? 0 Play Time 00:29:01 Cumulative 10.4 hours Start 2026.06.30 @ 09:27:44 End 2026.06.30 @ 09:54:37 Sessions 1 Manual Loads 0 Difficulty Adventurer Special Mode None Game No. 16 Rogue 8 Adventurer 8 Explorer 0 Win Type - Total 0 Types 0/0/0/0/0/0/0/0/0/0 Lore% 8 Gallery% 10 Achievement% 10 Wizard Run 0 Options --------- Layout 0 ASCII 0 Keyboard 1 Movement Vi Keybinds 0 Fullscreen 1 Font 24/Smallcaps Map View 76x50 Zoom Use 0% Tactical HUD 1 Map Filters NONE Filters NONE Steam 1 RUN: 588921d0-58d9-411c-a73d-e14eaa748b4c